 Dungeon Crawl Stone Soup version 0.26-a0-812-g31a745ddcd (webtiles) character file.

Game seed: 5931344528613490352

120068 kae the Brawler (level 16, -6/139 HPs)
             Began as a White Draconian Transmuter on Nov 24, 2020.
             Was the Champion of Wu Jian.
             Mangled by a vampire mosquito (10 damage)
             ... on level 1 of the Swamp.
             The game lasted 00:26:21 (40267 turns).

kae the Brawler (White Draconian Transmuter)       Turns: 40267, Time: 00:26:22

Health: -6/139     AC: 15    Str: 26    XL:     16   Next: 29%
Magic:  0/29       EV: 18    Int: 13    God:    Wu Jian [******]
Gold:   2710       SH:  0    Dex: 12    Spells: 20/33 levels left

rFire    . . .     SeeInvis .     - Unarmed
rCold    + . .     Faith    .   (shield currently unavailable)
rNeg     . . .     Spirit   +   (armour unavailable)
rPois    .         Reflect  .   z - +2 hat
rElec    .         Harm     .   (no cloak)
rCorr    .         Rampage  .   (gloves currently unavailable)
MR       +....                  (no boots)
Stlth    +.........             d - amulet of guardian spirit
HPRegen  0.33/turn              u - +6 ring of strength
MPRegen  0.21/turn              I - +4 ring of protection

@: blade hands, lightly drained, very slow
A: breathe frost, unfitting armour, cold resistance 1, cold-blooded, AC +9
a: Breathe Frost, End Transformation, Wall Jump, Serpent's Lash, Heavenly Storm,
Renounce Religion


You were on level 1 of the Swamp.
You worshipped Wu Jian.
Wu Jian was exalted by your worship.
You had blades for hands.
You visited 5 branches of the dungeon, and saw 25 of its levels.

You collected 2710 gold pieces.

Inventory:

Armour
 h - a +1 pair of gloves (melded)
 z - a +2 hat (worn)
Jewellery
 d - an amulet of guardian spirit (around neck)
 e - an uncursed ring of fire
 l - an uncursed amulet of magic regeneration
 n - an uncursed ring of ice
 r - an uncursed ring of fire
 u - a +6 ring of strength (left scythe-like blade)
 w - an uncursed amulet of the acrobat
 D - an uncursed ring of resist corrosion
 I - a +4 ring of protection (right scythe-like blade)
 J - an uncursed ring of protection from magic
 M - an uncursed ring of wizardry
 N - an uncursed amulet of reflection
 V - an uncursed ring of protection from magic
Wands
 q - a wand of acid (43)
 s - a wand of flame (30)
 y - a wand of disintegration (14)
 A - a wand of random effects (39)
 E - a wand of polymorph (29)
 L - a wand of iceblast (27)
 O - a wand of paralysis (13)
Scrolls
 i - 8 scrolls of remove curse
 x - 3 scrolls of amnesia
 C - 4 scrolls of immolation
 G - 3 scrolls of enchant weapon
 H - 4 scrolls of teleportation
 P - 4 scrolls of magic mapping
 Q - 3 scrolls of identify
 R - 3 scrolls of fog
 S - a scroll of silence
 T - a scroll of enchant armour
Potions
 a - 2 potions of mutation
 b - 5 potions of curing
 c - 4 potions of flight
 f - 5 potions of brilliance
 g - 5 potions of heal wounds
 j - 3 potions of resistance
 k - 3 potions of haste
 m - a potion of cancellation
 o - 5 potions of ambrosia
 p - a potion of berserk rage
 t - 3 potions of might
 v - 5 potions of lignification
 F - 3 potions of attraction
 K - 2 potions of invisibility


   Skills:
 + Level 12.2(11.8) Fighting
 + Level 10.6(10.3) Dodging
 * Level 15.6(15.2) Unarmed Combat
 - Level 9.3(8.9) Spellcasting
 - Level 14.0(13.5) Transmutations
 - Level 7.0(6.6) Ice Magic
 - Level 3.0(2.6) Poison Magic
 + Level 7.6(7.3) Evocations


You had 20 spell levels left.
You knew the following spells:

 Your Spells              Type           Power        Failure   Level
a - Beastly Appendage     Tmut           #####.       5%          1
b - Spider Form           Tmut/Pois      ####......   17%         3
c - Blade Hands           Tmut           #####.....   17%         5
d - Ice Form              Ice/Tmut       ####....     21%         4

Your spell library contained the following spells:

 Spells                   Type           Power        Failure   Level
 Wereblood                Tmut           #####...     6%          2
 Hydra Form               Tmut           #####.....   41%         6
 Poisonous Vapours        Pois/Air       #.....       47%         2
 Foxfire                  Conj/Fire      #...         52%         1
 Summon Small Mammal      Summ           #...         52%         1
 Call Imp                 Summ           #.......     61%         2
 Irradiate                Conj/Tmut      ###.......   65%         5
 Mephitic Cloud           Conj/Pois/Air  #.......     69%         3
 Summon Ice Beast         Ice/Summ       ##......     75%         4
 Call Canine Familiar     Summ           #.......     78%         3
 Conjure Flame            Conj/Fire      #.......     78%         3
 Inner Flame              Hex/Fire       #.......     78%         3
 Summon Guardian Golem    Hex/Summ       #.......     78%         3
 Dragon Form              Tmut           #####.....   80%         7
 Sticky Flame             Conj/Fire      #.......     97%         4
 Summon Lightning Spire   Summ/Air       #.......     97%         4
 Statue Form              Tmut/Erth      ###......    97%         6
 Fireball                 Conj/Fire      #.........   100%        5
 Freezing Cloud           Conj/Ice/Air   ##........   100%        6


Dungeon Overview and Level Annotations

Branches:
Dungeon (15/15)            Temple (1/1) D:6            Lair (6/6) D:8
  Swamp (1/4) Lair:3       Spider (0/4) Lair:2        Slime (0/5) Lair:6
    Orc (2/2) D:10            Elf (0/3) Orc:2        Vaults (0/5) D:14
 Depths (0/5) D:15

Altars:
Ashenzari
Cheibriados
Dithmenos
Elyvilon
Fedhas
Gozag
Hepliaklqana
Kikubaaqudgha
Makhleb
Nemelex Xobeh
Okawaru
Qazlal
Ru
Sif Muna
Trog
Uskayaw
Vehumet
Wu Jian
Xom
Yredelemnul
Zin
The Shining One
Beogh

Shops:
Orc:2 [:(*!

Annotations:
D:11 exclusion: oklob plant
D:13 2 runed translucent doors
Lair:4 1 runed translucent door, exclusion: 2 oklob plants, graki42's ghost, journeyman DECj
Lair:6 2 transporters, bmj180's ghost, journeyman DrCj


Innate Abilities, Weirdness & Mutations

You can breathe waves of freezing cold.
You can buffet flying creatures when you breathe cold.
Your icy white scales are hard. (AC +9)
You cannot fit into any form of body armour.
Your flesh is cold resistant. (rC+)
You are cold-blooded and may be slowed by cold attacks.


Message History

The Council accepts your kill. The bunyip claws you. The bunyip claws you!!
The bunyip claws you!
* * * LOW HITPOINT WARNING * * *
You see here a hydra corpse.
Your unstable footing causes you to fumble your attack.
Your unstable footing causes you to fumble your attack.
A vampire mosquito comes into view.
A will-o-the-wisp comes into view.
Your unstable footing causes you to fumble your attack.
The bunyip claws you!!
* * * LOW HITPOINT WARNING * * *
The bunyip claws you!
* * * LOW HITPOINT WARNING * * *
The bunyip claws you!
* * * LOW HITPOINT WARNING * * *
As you read the scroll of fear, it crumbles to dust.
You assume a fearsome visage.
The vampire mosquito is unaffected.
The will-o-the-wisp is unaffected.
The bunyip looks frightened!
A goliath frog comes into view.
The vampire mosquito bites you!
You die...

≈≈♣♣♣♣..♣♣♣.$..♣
≈......≈..♣≈≈≈≈♣
≈≈♣>≈≈.≈.v..≈≈≈≈♣
. ≈§≈≈§......≈≈≈≈♣
..≈≈≈≈≈≈.≈........
..≈♣≈≈≈≈≈≈§..≈.F..
.≈.≈$♣♣≈≈≈.x≈≈...≈
..≈.♣≈≈≈≈§†≈§♣
..≈.≈≈≈≈§@.≈≈♣♣
..≈≈≈≈≈≈y≈≈≈..♣
..≈.≈≈..≈♣♣♣♣...♣
..≈.§.≈≈..♣...♣♣♣
.♣....≈<≈≈....♣
♣♣..........♣♣
♣.≈≈≈.≈..♣♣♣
♣.♣≈≈.≈≈≈♣
♣≈?...≈≈.♣


You could see a bunyip (fleeing), a goliath frog, a will-o-the-wisp and a
vampire mosquito.

Vanquished Creatures
  Frances (D:13)
  2 orc warlords
  A war gargoyle (D:14)
  Nessos (Lair:4)
  6 dire elephants (Lair:6)
  Azrael (D:14)
  An ettin (Orc:1)
  Josephine (D:12)
  Fannar (Lair:2)
  2 ogre magi (D:15)
  Harold (D:7)
  7 hydras
  A rakshasa (D:15)
  An ice dragon (Lair:5)
  2 boulder beetles
  2 catoblepae
  An anaconda (Lair:6)
  3 centaur warriors
  A death knight (D:13)
  10 two-headed ogres
  10 death yaks
  Urug (Lair:4)
  3 orc high priests (Orc:2)
  Nergalle (D:12)
  4 skeletal warriors
  5 unseen horrors
  An unseen horror (shapeshifter) (D:15)
  A deep elf archer (D:14)
  A glowing orange brain (D:15)
  2 lindwurms
  A wolf spider zombie (D:15)
  2 harpies (shapeshifter)
  7 orc knights
  4 deep elf magi
  A phantasmal warrior (D:13)
  4 orc sorcerers
  3 manticores
  4 cyclopes
  12 ugly things
  3 centaur zombies
  14 elephants (Lair:6)
  5 black mambas
  6 gargoyles
  A black mamba (shapeshifter) (D:13)
  A torpor snail (Lair:2)
  4 centaur skeletons
  A komodo dragon (shapeshifter) (D:15)
  2 rime drakes
  6 efreet
  A kobold demonologist (D:14)
  2 freezing wraiths
  9 cane toads
  A redback zombie (D:13)
  9 komodo dragons
  5 trolls
  A merfolk (shapeshifter) (D:15)
  A queen bee (Lair:1)
  3 polar bears
  2 tyrant leeches (Lair:3)
  A wind drake (shapeshifter) (D:15)
  3 slime creatures (D:15)
  A hornet (D:11)
  19 blink frogs
  Sigmund (D:3)
  A vampire (D:9)
  37 yaks
  3 wyverns
  8 wraiths
  2 basilisks
  2 fire elementals (D:14)
  A human (shapeshifter) (D:13)
  A steam dragon (D:9)
  5 vampire mosquitoes
  Menkaure (D:7)
  An acid dragon (D:14)
  4 wargs (Orc:2)
  3 swamp worms
  Duvessa (D:7)
  17 water moccasins
  3 hell hounds (D:14)
  36 orc warriors
  5 sky beasts
  4 ice beasts
  4 eyes of draining
  4 phantoms
  19 ogres
  7 wolves
  8 centaurs
  A boggart (D:14)
  6 big kobolds
  18 bullfrogs
  2 wyvern zombies
  Dowan (D:7)
  2 wyvern skeletons
  7 scorpions
  42 killer bees
  8 howler monkeys
  18 wights
  A bullfrog zombie (D:7)
  11 jellies
  2 bullfrog skeletons (D:12)
  3 hounds
  20 orc priests
  23 orc wizards
  A gnoll shaman (D:5)
  2 iguanas
  12 hell rats
  16 worker ants
  A hound skeleton (D:10)
  7 gnolls
  10 adders
  A shadow imp (D:6)
  6 white imps
  2 ufetubi
  4 oozes
  An adder zombie (D:7)
  2 worms
  5 dart slugs
  7 leopard geckos
  99 orcs
  7 bats
  3 giant cockroaches
  5 goblins
  7 hobgoblins
  19 jackals
  4 quokkas
  A ball python (D:2)
  5 frilled lizards
  10 kobolds
  A leopard gecko skeleton (D:4)
  10 rats
805 creatures vanquished.

Vanquished Creatures (others)
  A black mamba (Lair:6)
  An orc wizard (Orc:2)
  47 fungi
  57 plants
106 creatures vanquished.

Grand Total: 911 creatures vanquished

Notes
Turn   | Place    | Note
-------+----------+-------------------------------------------
     0 | D:1      | kae the Draconian Transmuter began the quest for the Orb.
     0 | D:1      | Reached XP level 1. HP: 16/16 MP: 3/3
   228 | D:1      | Reached XP level 2. HP: 23/23 MP: 3/5
   966 | D:2      | Reached XP level 3. HP: 28/28 MP: 6/6
   974 | D:2      | Learned a level 3 spell: Spider Form
  1153 | D:2      | Found a snail-covered altar of Cheibriados.
  1324 | D:2      | Found a shimmering blue altar of Sif Muna.
  2228 | D:3      | Noticed Sigmund
  2529 | D:3      | Killed Sigmund
  2529 | D:3      | Reached skill level 4 in Unarmed Combat
  2529 | D:3      | Reached skill level 1 in Poison Magic
  2529 | D:3      | Reached XP level 4. HP: 14/37 MP: 1/7
  2529 | D:3      | Reached XP level 5. HP: 16/42 MP: 1/8
  3502 | D:3      | Found a shimmering altar of Xom.
  3602 | D:4      | Noticed an ogre
  3790 | D:4      | Reached XP level 6. HP: 35/50 MP: 4/9
  4243 | D:4      | Your scales start taking on an icy white colour.
  4243 | D:4      | Reached XP level 7. HP: 55/56 MP: 7/11
  4243 | D:4      | Gained mutation: Your flesh is cold resistant. (rC+) [White
                  | Draconian growth]
  4419 | D:4      | Reached skill level 5 in Unarmed Combat
  5015 | D:5      | Entered Level 5 of the Dungeon
  5044 | D:5      | Found a shadowy altar of Dithmenos.
  5210 | D:5      | Reached XP level 8. HP: 56/63 MP: 9/13
  5244 | D:5      | Reached skill level 5 in Transmutations
  5741 | D:5      | Reached skill level 6 in Unarmed Combat
  6207 | D:6      | Learned a level 5 spell: Blade Hands
  6212 | D:6      | Learned a level 4 spell: Ice Form
  6243 | D:6      | Found a staircase to the Ecumenical Temple.
  6268 | Temple   | Entered the Ecumenical Temple
  6445 | Temple   | Became a worshipper of the Wu Jian Council
  6608 | D:6      | Reached skill level 1 in Ice Magic
  6761 | D:6      | Found a burning altar of Makhleb.
  6764 | D:6      | Found a white marble altar of Elyvilon.
  6765 | D:6      | Found a sacrificial altar of Ru.
  7209 | D:6      | Found the +3 salamander hide armour {Flames rF++ rC--}
  7639 | D:7      | Reached XP level 9. HP: 72/72 MP: 7/15
  7839 | D:7      | Noticed Harold
  7961 | D:7      | Killed Harold
  7961 | D:7      | Reached skill level 5 in Fighting
  7961 | D:7      | Reached skill level 7 in Unarmed Combat
  8197 | D:7      | Reached * piety under Wu Jian
  8549 | D:7      | Noticed Duvessa
  8549 | D:7      | Noticed Dowan
  8860 | D:7      | Reached skill level 5 in Ice Magic
  8947 | D:7      | Noticed Menkaure
  8954 | D:7      | Killed Menkaure
  9007 | D:7      | Killed Duvessa
  9007 | D:7      | Reached skill level 5 in Spellcasting
  9010 | D:7      | Killed Dowan
  9173 | D:8      | Reached XP level 10. HP: 81/81 MP: 15/17
  9261 | D:8      | Reached skill level 5 in Dodging
  9376 | D:8      | Found a shimmering altar of Xom.
  9728 | D:8      | Found a staircase to the Lair.
 10354 | D:9      | Reached skill level 8 in Unarmed Combat
 11004 | D:10     | Entered Level 10 of the Dungeon
 11047 | D:10     | Reached ** piety under Wu Jian
 11607 | D:10     | Noticed a two-headed ogre
 11618 | D:10     | Killed a two-headed ogre
 11932 | D:10     | Noticed a two-headed ogre
 11944 | D:10     | Killed a two-headed ogre
 12307 | D:10     | Noticed a gargoyle
 12312 | D:10     | Killed a gargoyle
 12346 | D:10     | Reached XP level 11. HP: 90/90 MP: 19/19
 12398 | D:10     | Reached skill level 9 in Unarmed Combat
 12399 | D:10     | Reached *** piety under Wu Jian
 12429 | D:10     | Found a staircase to the Orcish Mines.
 13498 | D:11     | Noticed a brown ugly thing
 13503 | D:11     | Killed a brown ugly thing
 13713 | D:11     | Noticed a red ugly thing
 13716 | D:11     | Noticed a green ugly thing
 13720 | D:11     | Killed a red ugly thing
 13737 | D:11     | Killed a green ugly thing
 14297 | D:11     | Killed an unseen horror
 14523 | D:11     | Reached **** piety under Wu Jian
 14847 | D:11     | Found a blossoming altar of Fedhas.
 14857 | D:11     | Noticed an oklob plant
 15180 | Lair:1   | Entered Level 1 of the Lair of Beasts
 15507 | Lair:1   | Reached skill level 10 in Unarmed Combat
 16136 | Lair:1   | Reached skill level 10 in Transmutations
 16758 | Lair:1   | Reached XP level 12. HP: 72/100 MP: 11/22
 17819 | Lair:2   | Found a hole to the Spider Nest.
 17905 | Lair:2   | Noticed Fannar
 17937 | Lair:2   | Killed Fannar
 18078 | Lair:2   | Reached ***** piety under Wu Jian
 18224 | Lair:2   | Noticed a five-headed hydra
 18244 | Lair:2   | Killed a five-headed hydra
 18397 | Lair:2   | Reached skill level 11 in Unarmed Combat
 18462 | Lair:2   | Noticed a catoblepas
 18474 | Lair:2   | Killed a catoblepas
 18786 | Lair:2   | Noticed a five-headed hydra
 18796 | Lair:2   | Killed a five-headed hydra
 20199 | Lair:3   | Noticed a boulder beetle
 20221 | Lair:3   | Killed a boulder beetle
 20349 | Lair:3   | Noticed an eight-headed hydra
 20617 | Lair:3   | Killed an eight-headed hydra
 20758 | Lair:3   | Found a staircase to the Swamp.
 21357 | Lair:4   | Reached XP level 13. HP: 98/110 MP: 17/24
 21841 | Lair:4   | Noticed Urug
 22232 | Lair:4   | Killed Urug
 22281 | Lair:4   | Reached skill level 12 in Unarmed Combat
 22501 | Lair:4   | Found a runed translucent door.
 22502 | Lair:4   | Noticed graki42's ghost (journeyman DECj)
 22730 | Lair:4   | Noticed Nessos
 22737 | Lair:4   | Killed Nessos
 23859 | Lair:5   | Reached skill level 1 in Evocations
 25028 | Lair:6   | Entered Level 6 of the Lair of Beasts
 25366 | Lair:6   | Found a transporter.
 25439 | Lair:6   | Reached ****** piety under Wu Jian
 25521 | Lair:6   | Reached XP level 14. HP: 72/119 MP: 14/26
 26570 | Lair:6   | Noticed bmj180's ghost (journeyman DrCj)
 26589 | Lair:6   | Found a transporter.
 26661 | Lair:6   | Reached skill level 10 in Fighting
 26794 | Lair:6   | Reached skill level 13 in Unarmed Combat
 27148 | Lair:6   | Found a staircase to the Slime Pits.
 28378 | Lair:6   | Found a transporter.
 28400 | Lair:6   | Found a transporter.
 28604 | Lair:6   | Found a staircase to the Slime Pits.
 29565 | D:12     | Noticed Nergalle
 29577 | D:12     | Killed Nergalle
 30084 | D:12     | Noticed Josephine
 30093 | D:12     | Killed Josephine
 30871 | D:13     | Noticed Frances
 30917 | D:13     | Killed Frances
 31823 | D:13     | Found a runed translucent door.
 31823 | D:13     | Found a runed translucent door.
 31825 | D:13     | Found the +2 shield of Resistance {rF++ rC++ MR++}
 31926 | D:13     | Reached XP level 15. HP: 110/128 MP: 20/28
 32509 | D:14     | Reached skill level 5 in Evocations
 32511 | D:14     | Noticed Azrael
 32530 | D:14     | Killed Azrael
 32534 | D:14     | Reached skill level 14 in Unarmed Combat
 34650 | D:14     | Found a gate to the Vaults.
 34726 | D:15     | Entered Level 15 of the Dungeon
 34962 | D:15     | Reached skill level 10 in Dodging
 36161 | D:15     | Reached skill level 15 in Unarmed Combat
 36959 | D:15     | Found a staircase to the Depths.
 37163 | Orc:1    | Entered Level 1 of the Orcish Mines
 37171 | Orc:1    | Noticed an orc warlord
 37185 | Orc:1    | Killed an orc warlord
 37185 | Orc:1    | Reached XP level 16. HP: 115/139 MP: 21/29
 37709 | Orc:2    | Entered Level 2 of the Orcish Mines
 37709 | Orc:2    | Found Luneajas's Antique Armour Emporium.
 38013 | Orc:2    | Found a staircase to the Elven Halls.
 38108 | Orc:2    | HP: 1/139 [orc warrior/+0 halberd (14)]
 38111 | Orc:2    | Found a roughly hewn altar of Beogh.
 38794 | Orc:2    | Found Sezierir's Antique Weapon Emporium.
 38851 | Orc:2    | Found Towytus's Distillery.
 38951 | Orc:2    | Found Fusuteb's General Store.
 39054 | Orc:2    | Found Oremorr's Book Emporium.
 39801 | Orc:1    | Paralysed by an orc sorcerer for 5 turns
 40246 | Swamp:1  | Entered Level 1 of the Swamp
 40265 | Swamp:1  | HP: 3/139 [bunyip (5)]
 40267 | Swamp:1  | Mangled by a vampire mosquito

Illustrated notes

Levels and vault maps discovered:
D:1:      lemuel_arrival_room, layout_rooms, minmay_tetromino_s2
D:2:      layout_basic, led_sif_pool, lemuel_doored_altar
D:3:      layout_loops_ring, tgw_xom, grunt_decor_mini_mirrors, uniq_sigmund
D:4:      layout_rooms
D:5:      layout_basic, old_standard_altar, lemuel_another_geyser
D:6:      layout_basic, grunt_temple_overflow_open, minmay_temple_entry_glass
D:7:      layout_basic, hangedman_decor_clover_reticule, due_unseen_surprise,
          uniq_harold, uniq_menkaure, uniq_duvessa
D:8:      layout_gridville, lair_entry_dummy, basic_altar
D:9:      layout_basic
D:10:     layout_loops_corners, hiddenorc2_lemuel
D:11:     layout_irregular_city, tgw_fedhas
D:12:     layout_stronghold, uniq_josephine, uniq_nergalle
D:13:     layout_small_grid, serial_glass, glass_columns_c, glass_columns_c,
          glass_columns_b, glass_columns_a, glass_columns_b, glass_columns_b,
          columned_hall_lemuel, minmay_guarded_unrand_resistance, uniq_frances
D:14:     layout_basic, hangedman_vaults_entry_quadrant_bands,
          minmay_misc_feat_nine_boxes, kennysheep_four_rooms, uniq_azrael
D:15:     gammafunk_enter_depths_forms, layout_gridville, grunt_ministairs_3
Temple:   regret_index_temple_waves
Lair:1:   layout_long_grid, special_room [special_room_bee],
          chequers_serial_rivers_micro_d, minivault_23, serial_bayou_shore_a,
          grunt_megastairs_3
Lair:2:   layout_cave_pods, nicolae_spider_entry_non_spiders, uniq_fannar
Lair:3:   layout_loops_ring, minmay_swamp_entry_worms
Lair:4:   minmay_lair_oklob_tunnel, layout_regular_city,
          ebering_ghost_reflecting_pool, uniq_urug, uniq_nessos
Lair:5:   layout_concentric_octagons, bobbens_ice_dragon_lair,
          serial_bayou_shore_b
Lair:6:   due_jungle_book, layout_regular_city, nicolae_slime_entry_slimehenge,
          gammafunk_ghost_arena, nicolae_quartered_pool_super
Swamp:1:  gammafunk_worm_tunnel, layout_falls_marsh,
          evilmike_swamp_ruin_rubble_2, swamp_pool2,
          nicolae_swamp_round_clearing, nicolae_swamp_oklob_treasure_island
Orc:1:    layout_caves
Orc:2:    grunt_orc_gardens, layout_diamond_mine, grunt_orc_garden,
          grunt_orc_garden, grunt_orc_garden, grunt_orc_garden, serial_shops,
          shop, basic_altar

Skill      XL: |  1  2  3  4  5  6  7  8  9 10 11 12 13 14 15 16 |
---------------+-------------------------------------------------+-----
Dodging        | 2 3 4 5 6 7 8 9 10 | 10.6
Fighting       | 2 3 4 5 6 7 8 9 10 11 12 | 12.2
Unarmed Combat | 4 5 6 7 8 10 11 12 13 15 | 15.6
Transmutations | 3 4 6 7 8 10 11 12 13 14 | 14.0
Poison Magic   | 1 2 3 |  3.0
Spellcasting   | 3 4 5 6 7 8 9 |  9.3
Ice Magic      | 2 5 7 |  7.0
Evocations     | 2 4 7 |  7.6

Action                   |  1- 3 |  4- 6 |  7- 9 | 10-12 | 13-15 | 16-18 || total
-------------------------+-------+-------+-------+-------+-------+-------++-------
Melee: Unarmed           |   144 |    94 |   355 |   718 |   880 |   190 ||  2381
       Tailslap          |    17 |     4 |     9 |     7 |   139 |    30 ||   206
       Kick              |    16 |     6 |     1 |       |       |       ||    23
       Headbutt          |     6 |     9 |       |       |       |       ||    15
       Punch             |     1 |       |     5 |     4 |    70 |    10 ||    90
 Cast: Beastly Appendage |    25 |     9 |     3 |       |       |       ||    37
       Spider Form       |     1 |     5 |    27 |       |       |       ||    33
       Ice Form          |       |       |    10 |    70 |     4 |       ||    84
       Blade Hands       |       |       |     1 |     5 |   107 |    18 ||   131
Invok: Lunge             |       |       |    17 |    44 |    71 |    29 ||   161
       Whirlwind         |       |       |     5 |    14 |    28 |    19 ||    66
 Abil: Breathe Frost     |       |       |     3 |       |     2 |       ||     5
       End Transformatio |       |       |     1 |       |       |       ||     1
       Wall Jump         |       |       |       |     3 |     2 |       ||     5
Evoke: Wand              |       |       |       |       |     3 |       ||     3
  Use: Scroll            |     4 |       |     7 |    16 |    11 |     2 ||    40
       Potion            |       |       |     2 |     1 |     2 |     1 ||     6
Armor: Skin              |    42 |    28 |    51 |   208 |   273 |    38 ||   640
Dodge: Dodged            |   113 |    81 |   206 |   427 |   527 |   150 ||  1504

Table legend: (Time is in decaauts)
 A = Elapsed time spent in this place.
 B = Non-inter-level travel time spent in this place.
 C = Inter-level travel time spent in this place.
 D = Time resting spent in this place.
 E = Time spent auto-exploring this place.
 F = Levels seen in this place.
 G = Mean time per level.
                   A        B        C        D        E       F      G
               +--------+--------+--------+--------+--------+-----+--------+
         Total |  39967 |  38465 |   1502 |   5058 |  28849 |  25 | 1598.7 |
       Dungeon |  22829 |  21942 |    887 |   2084 |  17004 |  15 | 1521.9 |
        Temple |    187 |    168 |     19 |      0 |    165 |   1 |  187.0 |
          Lair |  14034 |  13608 |    426 |   2190 |  10088 |   6 | 2339.0 |
         Swamp |     20 |     20 |      0 |      0 |      0 |   1 |   20.0 |
  Orcish Mines |   2894 |   2725 |    169 |    784 |   1592 |   2 | 1447.0 |
               +--------+--------+--------+--------+--------+-----+--------+

Top non-repeatable levels by time:
  Lair:6: 3480 daAuts
    D:14: 2498 daAuts
  Lair:1: 2474 daAuts
    D:10: 2426 daAuts
    D:15: 2178 daAuts
  Lair:5: 2112 daAuts
  Lair:2: 2034 daAuts
  Lair:3: 1973 daAuts
  Lair:4: 1960 daAuts
    D:11: 1750 daAuts
   Orc:1: 1657 daAuts
     D:2: 1588 daAuts
    D:13: 1511 daAuts
    D:12: 1466 daAuts
     D:4: 1465 daAuts
